 Dungeon Crawl Stone Soup version 0.31-a0-1591-g515db51633 (webtiles) character file.

Game seed: 10892210948158447116

22641 oldmanjim the Skirmisher (level 12, -8/98 HPs)
             Began as a Demonspawn Hexslinger on Sept 7, 2023.
             Was a Priest of Ashenzari.
             Mangled by Rupert
             ... wielding a +1 great sword of holy wrath
              (21 damage)
             ... on level 4 of the Lair of Beasts on Jan 6, 2024.
             The game lasted 01:48:57 (15399 turns).

oldmanjim the Skirmisher (Demonspawn Hexslinger)   Turns: 15399, Time: 01:48:58

Health: -8/98      AC: 24    Str:  9    XL:     12   Next: 64%
Magic:  23/23      EV: 22    Int: 16    God:    Ashenzari [***...]
Gold:   839        SH:  0    Dex: 25    Spells: 10/26 levels left

rFire   . . .        a - +0 orcbow
rCold   . . .        (shield currently unavailable)
rNeg    + . .        O - +1 steam dragon scales of the Manifest Oracle {Dev, Range} (curse)
rPois   +            o - +2 helmet "Enlightened Soothsayer" {rPois rN+, Self, Fort} (curse)
rElec   .            H - +2 cloak of Ashenzari's Omission {Melee, Comp} (curse)
rCorr   .            q - +2 pair of gloves "Overhang to Understand" {infuse, Self, Bglg} (curse)
SInv    +            (no boots)
Will    .....        (no amulet)
Stlth   ++           e - ring "I Knew You'd Do That" {Dex+6, Cun, Self} (curse)
HPRegen 0.36/turn    t - ring of wizardry
MPRegen 0.18/turn

%: clarity, wizardry (x1), infuse magic (1 MP)
@: agile, sanguine armoured
A: demonic guardian 1, powered by pain 1, sanguine armour 2, demonic touch 1
a: Renounce Religion, Curse Item, Shatter the Chains


You were on level 4 of the Lair of Beasts.
You worshipped Ashenzari.
Ashenzari was most pleased with you.
You visited 3 branches of the dungeon, and saw 14 of its levels.
You also visited: Bailey and Gauntlet.

You collected 839 gold pieces.

Inventory:

Hand Weapons
 a - a +0 orcbow (weapon)
 n - the +10 long sword "Nucubb" {flame, rF++ Str+4}
   (You found it on level 2 of the Lair of Beasts)

   Str+4:     It affects your strength (+4).
   rF++:      It greatly protects you from fire.
 Y - the +9 hand axe of Fuipehe {spect, rPois Str-3 SInv Stlth-}
   (You took it off a minotaur in a Gauntlet)

   Str-3:     It affects your strength (-3).
   rPois:     It protects you from poison SInv: It lets you see invisible.
   Stlth-:    It makes you less stealthy.
Missiles
 c - 7 boomerangs
 l - 71 stones
 m - 2 atropa-tipped darts
 u - 26 poisoned darts
 x - 8 javelins
 L - a throwing net
 X - 4 silver javelins
Armour
 g - a +2 pair of gloves of dexterity
 h - the +1 pair of boots of Action {Str+3 Int+3}
   (You found it in a Gauntlet)

   Str+3:     It affects your strength (+3).
   Int+3:     It affects your intelligence (+3).
 o - the cursed +2 helmet "Enlightened Soothsayer" (worn) {rPois rN+, Self, Fort}
   (You took it off Robin on level 2 of the Dungeon)

   rPois:     It protects you from poison rN+: It protects you from negative
   energy.
   It has a curse which improves the following skills: Introspection: Fighting
   and Spellcasting.
   Fortitude: Armour and Shields.
 q - the cursed +2 pair of gloves "Overhang to Understand" (worn) {infuse, Self, Bglg}
   (You found it on level 2 of the Dungeon)

   It has a curse which improves the following skills: Introspection: Fighting
   and Spellcasting.
   Beguiling: Hexes and Translocations.
 H - the cursed +2 cloak of Ashenzari's Omission (worn) {Melee, Comp}
   (You took it off Crazy Yiuf on level 5 of the Dungeon)

   It has a curse which improves the following skills: Melee Combat: Short
   Blades, Long Blades, Axes, Maces & Flails, Polearms, Staves and Unarmed
   Combat.
   Companions: Summonings and Necromancy.
 O - the cursed +1 steam dragon scales of the Manifest Oracle (worn) {Dev, Range}
   (You took it off Maggie on level 7 of the Dungeon)

   It has a curse which improves the following skills: Devices: Evocations and
   Shapeshifting.
   Ranged Combat: Ranged Weapons and Throwing.
Magical Staves
 F - a staff of cold
Jewellery
 e - the cursed ring "I Knew You'd Do That" (left hand) {Dex+6, Cun, Self}
   (You took it off a goblin on level 1 of the Dungeon)

   [ring of dexterity]

   Dex+6:     It affects your dexterity (+6).
   It has a curse which improves the following skills: Cunning: Dodging and
   Stealth.
   Introspection: Fighting and Spellcasting.
 t - a ring of wizardry (right hand)
 C - a +6 ring of dexterity
 J - a ring of poison resistance
Talismans
 y - a flux talisman
 R - a serpent talisman
Wands
 d - a wand of quicksilver (7)
 p - a wand of charming (19)
 w - a wand of flame (23)
 T - a wand of polymorph (7)
Scrolls
 f - 3 scrolls of enchant weapon
 i - a scroll of fog
 j - 2 scrolls of vulnerability
 k - 3 scrolls of poison
 r - 2 scrolls of immolation
 E - 3 scrolls of torment
 M - a scroll of revelation
 S - a scroll of amnesia
 U - 2 scrolls of silence
 V - a scroll of teleportation
Potions
 b - 7 potions of magic
 s - 3 potions of mutation
 v - 4 potions of brilliance
 z - 2 potions of curing
 A - 4 potions of heal wounds
 B - a potion of lignification
 D - 3 potions of enlightenment
 G - a potion of haste
 I - 2 potions of attraction
 K - 3 potions of might
 N - 2 potions of cancellation
 P - a potion of invisibility
 Q - 5 potions of resistance
Miscellaneous
 Z - a phantom mirror


   Skills:
 + Level 7.4(10.5) Fighting
 * Level 13.9(15.3) Ranged Weapons
 + Level 4.8(6.2) Dodging
 - Level 8.4(10.0) Unarmed Combat
 + Level 5.0(7.9) Spellcasting
 - Level 5.0(6.4) Hexes
 - Level 2.9(4.2) Translocations
 - Level 0.8 Fire Magic
 - Level 3.0(4.3) Evocations


You had 10 spell levels left.
You knew the following spells:

 Your Spells              Type           Power      Damage    Failure   Level
a - Jinxbite              Hex            52%        N/A       1%          2
b - Inner Flame           Hex/Fire       18%        N/A       3%          3
c - Cause Fear            Hex            13%        N/A       3%          4
d - Dimensional Bullseye  Hex/Tloc       11%        N/A       5%          4
e - Sigil of Binding      Hex            26%        N/A       1%          3

Your spell library contained the following spells:

 Spells                   Type           Power      Damage    Failure   Level
 Confusing Touch          Hex            26%        N/A       1%          3
 Kiss of Death            Conj/Necr      24%        2d7       4%          1
 Animate Dead             Necr           6%         N/A       38%         4
 Dispel Undead            Necr           6%         3d8       38%         4
 Borgnjor's Vile Clutch   Necr/Erth      3%         N/A       73%         5
 Alistair's Intoxication  Alch           4%         N/A       75%         5
 Eringya's Noxious Bog    Alch           3%         4d6       99%         6
 Haunt                    Necr/Summ      3%         N/A       100%        7
 Infestation              Necr           3%         N/A       100%        8


Dungeon Overview and Level Annotations

Branches:
Dungeon (9/15)             Temple (1/1) D:5            Lair (4/5) D:8
 Shoals (0/4) Lair:3        Snake (0/4) Lair:3       Bailey (visited)
Gauntlet (visited)
  Slime: Lair:4-5       Orc: D:9-12

Altars:
Ashenzari
Cheibriados
Dithmenos
Fedhas
Gozag
Hepliaklqana
Kikubaaqudgha
Makhleb
Nemelex Xobeh
Okawaru
Qazlal
Ru
Sif Muna
Trog
Uskayaw
Xom
Yredelemnul

Shops:
D:1 (   D:3 :   D:4 [

Annotations:
D:3 2 transporters, justen's ghost, amateur KoBe
D:5 exclusion: two-headed ogre
D:6 Jeremiah
Lair:4 Rupert


Innate Abilities, Weirdness & Mutations

A weak demonic guardian rushes to your aid.
You sometimes gain a little power by taking damage.
When seriously injured, your blood forms thick armour. (AC +9)
Your touch may inflict minor irresistible damage on your foes.


Message History

Rupert hits your rust devil with a +1 great sword of holy wrath!
Your rust devil convulses!
Your rust devil hits Rupert!
Your rust devil corrodes Rupert!
You shoot an arrow. The arrow hits Rupert!!
Rupert is severely wounded.
Rupert roars madly and goes into a rage!
Rupert goes berserk!
Your rust devil barely misses you.
You shoot an arrow. The arrow hits Rupert.
Rupert is severely wounded.
Rupert hits your rust devil with a +1 great sword of holy wrath!!
Your rust devil convulses!
Your rust devil dies!
Your rust devil disappears in a puff of smoke!
You shoot an arrow. The arrow hits Rupert.
Rupert is severely wounded.
Your binding sigil disappears.
You shoot an arrow. The arrow hits Rupert.
Rupert is severely wounded.
Rupert hits you with a +1 great sword of holy wrath!
You convulse.
You shoot an arrow.
The arrow hits Rupert but does no damage.
Rupert is severely wounded.
Rupert hits you with a +1 great sword of holy wrath!!
You focus on the pain.
You feel more agile all of a sudden.
Your blood congeals into armour.
You convulse!!
* * * LOW HITPOINT WARNING * * *
A demonic guardian appears!
You focus on the pain.
You feel your power returning.
You are too injured to fight recklessly!
Unknown command.
Fire: a) +0 orcbow
Press: ? - help, Q - select action, (/) - cycle Shift-Dir - straight line, f/p - Rupert
Aim: Rupert, wielding a +1 great sword of holy wrath, wearing a +2 leather armour of cold resistance and quivering stones (severely wounded, berserk, covered in acid, ally target, 71% to hit)
You shoot an arrow. The arrow closely misses Rupert.
Rupert barely misses you.
Rupert hits you with a +1 great sword of holy wrath!!
You die...
Rupert roars with triumph.

### ##### #.#
#####.#.###.##
)............#
......รท[....##
.......<5...#
........@...#
........@...#
............##
...#########.#
### ###


You could see Rupert (berserk, corroded, ally target) and a friendly ufetubus
(summoned).

Vanquished Creatures
  A minotaur (Gauntlet)
  A hydra (D:9)
  Urug (Lair:4)
  A skyshark (Lair:3)
  Pikel (D:4)
  A large abomination (Gauntlet)
  A cyclops (D:9)
  A black mamba (Lair:3)
  4 cane toads
  Maggie (D:7)
  2 rime drakes
  4 komodo dragons
  A troll (D:9)
  A queen bee (Gauntlet)
  Grinder (D:3)
  A polar bear (Lair:2)
  6 blink frogs
  2 shadows (Gauntlet)
  3 small abominations (Gauntlet)
  33 yaks
  3 basilisks (Lair:3)
  A wyvern (D:9)
  Grum (D:9)
  A naga (Lair:3)
  Menkaure (D:5)
  8 water moccasins
  4 orc warriors
  5 wolves
  2 ice beasts (D:5)
  A laughing skull (D:9)
  A sky beast (D:8)
  6 centaurs
  3 ogres
  A lemure (D:3)
  5 phantoms
  Blork the orc (D:3)
  11 bullfrogs
  5 scorpions
  7 wights
  6 killer bees (Gauntlet)
  3 howler monkeys (D:7)
  An electric eel (Lair:2)
  4 hounds
  2 jellies
  2 gnoll boudas
  2 orc priests
  4 sleepcaps
  Crazy Yiuf (D:5)
  Jessica (D:3)
  Ijyb (D:3)
  2 iguanas
  10 orc wizards
  Robin (D:2)
  17 gnolls
  12 adders
  2 ufetubi
  4 ribbon worms
  4 dart slugs
  48 orcs
  6 ball pythons
  4 bats
  4 endoplasms
  3 giant cockroaches
  6 hobgoblins
  3 jackals (D:5)
  A quokka (D:4)
  8 frilled lizards
  16 goblins
  2 kobolds (D:2)
  5 rats
319 creatures vanquished.

Vanquished Creatures (collateral kills)
  A large abomination (Gauntlet)
  A cane toad (Lair:3)
  Sigmund (D:4)
  3 yaks (Lair:3)
  A small abomination (Gauntlet)
  2 ogres (D:6)
  An orc wizard (D:5)
  A dart slug (D:5)
  An orc (D:4)
  A bat (D:1)
  6 hobgoblins (D:2)
  A quokka (D:1)
20 creatures vanquished.

Vanquished Creatures (others)
  A slime creature (D:9)
1 creature vanquished.

Grand Total: 340 creatures vanquished

Notes
Turn   | Place    | Note
-------+----------+-------------------------------------------
     0 | D:1      | oldmanjim the Demonspawn Hexslinger began the quest for the
                  | Orb.
     0 | D:1      | Reached XP level 1. HP: 15/15 MP: 2/2
   232 | D:1      | Reached skill level 2 in Ranged Weapons
   247 | D:1      | Gained mutation: A weak demonic guardian rushes to your
                  | aid. [demonic ancestry]
   247 | D:1      | Reached XP level 2. HP: 3/21 MP: 4/4
   249 | D:1      | HP: 1/21 [quokka (2)]
   593 | D:1      | Found Zenuipha's Weapon Shop.
   722 | D:2      | Learned a level 2 spell: Jinxbite
   731 | D:2      | Reached XP level 3. HP: 26/27 MP: 5/5
   899 | D:2      | Found a broken altar of Ashenzari.
   919 | D:2      | Reached XP level 4. HP: 34/34 MP: 4/7
  1297 | D:2      | Identified the +2 helmet "Padwal" {rPois rN+}
  1297 | D:2      | Noticed Robin
  1318 | D:2      | Killed Robin
  1626 | D:2      | Became a worshipper of Ashenzari the Shackled
  1644 | D:3      | Noticed Jessica
  1649 | D:3      | Killed Jessica
  1650 | D:3      | Reached skill level 3 in Ranged Weapons
  1650 | D:3      | Gained mutation: Your touch may inflict minor irresistible
                  | damage on your foes. [demonic ancestry]
  1650 | D:3      | Reached XP level 5. HP: 40/41 MP: 8/8
  1763 | D:3      | Found Ciziruq's Vocational Training.
  1783 | D:3      | Learned a level 3 spell: Inner Flame
  1867 | D:3      | Found a snail-covered altar of Cheibriados.
  1867 | D:3      | Noticed Grinder
  1876 | D:3      | Killed Grinder
  1877 | D:3      | Reached skill level 4 in Ranged Weapons
  1877 | D:3      | Gained mutation: When seriously injured, your blood forms
                  | armour. (AC +9) [demonic ancestry]
  1877 | D:3      | Reached XP level 6. HP: 40/47 MP: 4/9
  1940 | D:3      | Noticed Ijyb
  1947 | D:3      | Killed Ijyb
  1948 | D:3      | Reached skill level 5 in Ranged Weapons
  1953 | D:3      | Learned a level 4 spell: Cause Fear
  2160 | D:3      | Found a transporter.
  2161 | D:3      | Noticed justen's ghost (amateur KoBe)
  2164 | D:3      | Identified the +7 great mace of Qirex {flame, Fragile rPois
                  | Str-5 Int+8}
  2166 | D:3      | Found a transporter.
  2434 | D:4      | Noticed Blork the orc
  2436 | D:4      | Reached skill level 1 in Unarmed Combat
  2450 | D:3      | Killed Blork the orc
  2451 | D:3      | Reached XP level 7. HP: 30/52 MP: 10/10
  2540 | D:4      | Noticed Pikel
  2818 | D:4      | Found Xaenk's Armour Shop.
  2832 | D:4      | Noticed Sigmund
  3501 | D:4      | Killed Pikel
  3502 | D:4      | Reached skill level 6 in Ranged Weapons
  3502 | D:4      | Reached skill level 5 in Hexes
  3502 | D:4      | Gained mutation: You sometimes gain a little power by
                  | taking damage. [demonic ancestry]
  3502 | D:4      | Reached XP level 8. HP: 45/58 MP: 9/12
  3549 | D:4      | Killed Sigmund
  3684 | D:5      | Entered Level 5 of the Dungeon
  3839 | D:5      | Found a staircase to the Ecumenical Temple.
  3853 | Temple   | Entered the Ecumenical Temple
  3966 | D:5      | Noticed a two-headed ogre
  3973 | D:5      | Reached * piety under Ashenzari
  4210 | D:5      | Upgraded the game from 0.31-a0-700-gf13585253f to
                  | 0.31-a0-702-gf82c85558f
  4315 | D:5      | Noticed Menkaure
  4321 | D:5      | Killed Menkaure
  4350 | D:5      | Found a shimmering blue altar of Sif Muna.
  4377 | D:5      | Reached skill level 7 in Ranged Weapons
  4377 | D:5      | Reached skill level 5 in Unarmed Combat
  4415 | D:5      | Reached XP level 9. HP: 29/65 MP: 11/14
  4645 | D:5      | Reached skill level 8 in Ranged Weapons
  4977 | D:5      | Found a runed translucent door.
  4978 | D:5      | Noticed Crazy Yiuf
  5322 | D:5      | Killed Crazy Yiuf
  5434 | D:6      | Found a blossoming altar of Fedhas.
  5437 | D:6      | Noticed Jeremiah
  5526 | D:6      | Reached skill level 9 in Ranged Weapons
  5526 | D:6      | Reached ** piety under Ashenzari
  5622 | D:6      | Found a basalt altar of Yredelemnul.
  5644 | D:6      | Reached skill level 1 in Evocations
  5923 | D:6      | Found a hide-covered altar of Uskayaw.
  5996 | D:6      | Found a stormy altar of Qazlal.
  5998 | D:6      | Found an iron altar of Okawaru.
  6310 | D:7      | Upgraded the game from 0.31-a0-702-gf82c85558f to
                  | 0.31-a0-703-gcfe89afef6
  6357 | D:7      | Found a bloodstained altar of Trog.
  6640 | D:7      | Noticed Maggie
  6651 | D:7      | Killed Maggie
  6978 | D:7      | Reached skill level 10 in Ranged Weapons
  7038 | D:7      | Gained mutation: When seriously injured, your blood forms
                  | thick armour. (AC +9) [demonic ancestry]
  7038 | D:7      | Reached XP level 10. HP: 64/76 MP: 17/17
  7367 | D:7      | Upgraded the game from 0.31-a0-703-gcfe89afef6 to
                  | 0.31-a0-1165-g196b491b36
  7636 | D:8      | Found a flagged portal.
  7645 | Bailey   | Entered a bailey
  7690 | Bailey   | Reached skill level 5 in Fighting
  8050 | D:8      | Found a staircase to the Lair.
  8324 | D:8      | Upgraded the game from 0.31-a0-1165-g196b491b36 to
                  | 0.31-a0-1591-g515db51633
  8713 | D:9      | Noticed a cyclops
  8736 | D:9      | Killed a cyclops
  9041 | D:9      | Noticed Grum
  9047 | D:9      | Noticed a seven-headed hydra
  9105 | D:8      | Reached skill level 11 in Ranged Weapons
  9219 | D:9      | Killed a seven-headed hydra
  9447 | D:9      | Reached *** piety under Ashenzari
  9490 | D:9      | Noticed a red ugly thing
  9520 | D:9      | Noticed a manticore
  9546 | D:9      | Killed Grum
  9956 | Lair:1   | Entered Level 1 of the Lair of Beasts
 10030 | D:8      | Reached XP level 11. HP: 49/84 MP: 20/20
 10094 | Lair:1   | Found a gate leading to a gauntlet.
 10099 | Gauntlet | Entered a Gauntlet
 10099 | Gauntlet | Found a transporter.
 10149 | Gauntlet | Found a transporter.
 10151 | Gauntlet | Found a transporter.
 10159 | Gauntlet | Found a runed translucent gate.
 10159 | Gauntlet | Found a runed translucent gate.
 10159 | Gauntlet | Found a runed translucent gate.
 10162 | Gauntlet | Found a transporter.
 10165 | Gauntlet | Found a transporter.
 10176 | Gauntlet | Identified the Papyrus of the Fairies
 10180 | Gauntlet | Found a transporter.
 10187 | Gauntlet | Found a runed translucent door.
 10191 | Gauntlet | Found a transporter.
 10206 | Gauntlet | Found a transporter.
 10208 | Gauntlet | Identified the +1 pair of boots of Action {Str+3 Int+3}
 10217 | Gauntlet | Noticed a quicksilver ooze
 10218 | Gauntlet | Found a transporter.
 10219 | Gauntlet | Found a runed translucent door.
 10219 | Gauntlet | Found a runed translucent door.
 10233 | Gauntlet | Found a transporter.
 10239 | Gauntlet | Reached **** piety under Ashenzari
 10245 | Gauntlet | Found a transporter.
 10245 | Gauntlet | Found a transporter.
 10292 | Gauntlet | Found a transporter.
 10306 | Gauntlet | Found a transporter.
 10684 | Gauntlet | Reached skill level 12 in Ranged Weapons
 10902 | Gauntlet | Identified the +3 orcbow of Mogryzak {freeze, rPois rF+ rC-
                  | Dex+5}
 10902 | Gauntlet | Identified the +9 hand axe of Fuipehe {spect, rPois Str-3
                  | SInv Stlth-}
 10902 | Gauntlet | Noticed a minotaur
 10919 | Gauntlet | Killed a minotaur
 11905 | Lair:2   | Identified the +10 long sword "Nucubb" {flame, rF++ Str+4}
 12302 | Lair:2   | Reached skill level 13 in Ranged Weapons
 12512 | Lair:2   | Reached XP level 12. HP: 48/93 MP: 22/22
 13420 | Lair:2   | Learned a level 4 spell: Dimensional Bullseye
 13424 | Lair:2   | Learned a level 3 spell: Sigil of Binding
 13490 | Lair:3   | Reached skill level 1 in Translocations
 14502 | Lair:3   | Found a staircase to the Shoals.
 14719 | Lair:3   | Found a staircase to the Snake Pit.
 14841 | Lair:4   | Noticed Rupert
 15094 | Lair:4   | Noticed Urug
 15111 | Lair:4   | Killed Urug
 15112 | Lair:4   | Reached skill level 5 in Spellcasting
 15399 | Lair:4   | Mangled by Rupert

Illustrated notes

Levels and vault maps discovered:
D:1:      sevenhm_arrival_forest_fort_small_3, layout_rooms, serial_shops, shop,
          serial_bayou_pond_c, minmay_quantized
D:2:      layout_loops_cross, basic_altar, uniq_robin
D:3:      layout_loops_ring, mainiacjoe_overflow_24_doors,
          gammafunk_ghost_smash, kennysheep_nub, nicolae_shop_vocational,
          uniq_grinder, uniq_jessica, uniq_ijyb
D:4:      layout_basic, nicolae_elyvilon_peaceful_grove, serial_shops, shop,
          uniq_sigmund, uniq_pikel, uniq_blork_the_orc
D:5:      minmay_chambers_of_threes, layout_cave_pools, general_overflow_altar,
          minmay_temple_entry_trees, uniq_crazy_yiuf_cottage, uniq_menkaure
D:6:      layout_rooms, mainiacjoe_overflow_chevrons,
          mainiacjoe_overflow_small_starburst, grunt_temple_overflow_open,
          chequers_serial_rivers_micro_d, grunt_ministairs_9, uniq_jeremiah
D:7:      layout_gridville, mainiacjoe_overflow_brackets, grunt_decor_arrowhead,
          uniq_maggie
D:8:      layout_loops_ring, lair_entry_dummy, enter_bailey_2
D:9:      layout_roguey, minivault_28, uniq_grum
Temple:   kb_temple_of_zot
Lair:1:   layout_roguey, gauntlet_entry_generic
Lair:2:   wad_woods_pond, layout_small_grid
Lair:3:   layout_hall_layers, minmay_shoals_entry_centaurs,
          guppyfry_snake_entry_island, beast_lair_carwin_5
Lair:4:   layout_big_grid, minmay_slime_entry_jelly_boxes, basic_altar,
          serial_bayou_shore_b, uniq_rupert, uniq_urug

Skill      XL: |  1  2  3  4  5  6  7  8  9 10 11 12 |
---------------+-------------------------------------+-----
Ranged Weapons | 2 3 4 5 6 7 10 11 13 | 13.9
Fighting       | 2 3 4 5 7 |  7.4
Spellcasting   | 2 3 4 5 |  5.0
Hexes          | 4 5 |  5.0
Dodging        | 2 4 |  4.8
Unarmed Combat | 1 3 5 8 |  8.4
Evocations     | 1 2 3 |  3.0
Translocations | 2 |  2.9
Fire Magic     | |  0.8

Action                     |  1- 3 |  4- 6 |  7- 9 | 10-12 || total
---------------------------+-------+-------+-------+-------++-------
  Melee: Spear             |       |    22 |     4 |       ||    26
         Touch             |       |     1 |    19 |    24 ||    44
         Sling             |       |       |     1 |       ||     1
         Unarmed           |       |       |    92 |   100 ||   192
         Punch             |       |       |     2 |    11 ||    13
   Fire: Sling             |    95 |    86 |   334 |       ||   515
         Orcbow            |       |       |    50 |   843 ||   893
   Cast: Jinxbite          |     2 |       |       |       ||     2
         Cause Fear        |       |       |     1 |     1 ||     2
         Sigil of Binding  |       |       |       |     2 ||     2
 Invoke: Curse Item        |       |       |     4 |     2 ||     6
         Shatter the Chain |       |       |       |     1 ||     1
    Use: Scroll            |       |       |       |     5 ||     5
         Potion            |       |       |       |     3 ||     3
   Stab: Sleeping          |       |       |     1 |       ||     1
 Armour: Robe              |    27 |    16 |       |       ||    43
         Animal skin       |       |    12 |   156 |       ||   168
         Steam dragon scal |       |       |    35 |   390 ||   425
  Dodge: Dodged            |    44 |    33 |   210 |   509 ||   796

Table legend: (Time is in decaauts)
 A = Elapsed time spent in this place.
 B = Non-inter-level travel time spent in this place.
 C = Inter-level travel time spent in this place.
 D = Time resting spent in this place.
 E = Time spent auto-exploring this place.
 F = Levels seen in this place.
 G = Mean time per level.
                   A        B        C        D        E       F      G
               +--------+--------+--------+--------+--------+-----+--------+
         Total |  15318 |  14638 |    680 |   2407 |   8698 |  16 |  957.4 |
       Dungeon |   9684 |   9096 |    588 |   1168 |   5579 |   9 | 1076.0 |
        Temple |     20 |     20 |      0 |      0 |      0 |   1 |   20.0 |
          Lair |   4421 |   4329 |     92 |    963 |   2675 |   4 | 1105.2 |
        Bailey |    379 |    379 |      0 |     85 |     84 |   1 |  379.0 |
      Gauntlet |    813 |    813 |      0 |    191 |    359 |   1 |  813.0 |
               +--------+--------+--------+--------+--------+-----+--------+

Top non-repeatable levels by time:
  Lair:2: 1899 daAuts
     D:5: 1691 daAuts
     D:8: 1459 daAuts
  Lair:3: 1349 daAuts
     D:3: 1255 daAuts
     D:7: 1160 daAuts
  Lair:1: 1008 daAuts
     D:4: 1005 daAuts
     D:2: 952 daAuts
Gauntlet: 813 daAuts
     D:9: 762 daAuts
     D:1: 742 daAuts
     D:6: 655 daAuts
  Bailey: 379 daAuts
  Lair:4: 163 daAuts
